 Dungeon Crawl Stone Soup version 0.30-a0-737-gf23d94013f (webtiles) character file.

Game seed: 465777009955025521

371078 juan097 the Slayer (level 22, 0/213 HPs)
             Began as a Hill Orc Berserker on Feb 2, 2023.
             Was a High Priest of Trog.
             Shot with an arrow by a deep elf master archer (27 damage)
             ... on level 3 of the Elven Halls.
             The game lasted 03:29:17 (62245 turns).

juan097 the Slayer (Hill Orc Berserker)            Turns: 62245, Time: 03:29:18

Health: 0/213      AC: 33    Str: 26    XL:     22   Next: 66%
Magic:  7/22       EV: 19    Int:  7    God:    Trog [*****.]
Gold:   3333       SH:  0    Dex:  9    Spells: 21/21 levels left

rFire   + + .      SeeInvis +    a - +5 battleaxe of Perfectionism {heavy, rC+++ rN+++ Str-3 Dex-3}
rCold   + + .      Faith    +    (shield currently unavailable)
rNeg    + + +      Spirit   .    X - +4 fire dragon scales of the Guilds {+Blink rPois rF++ rC-}
rPois   +          Reflect  .    o - +2 helmet {SInv}
rElec   .          Harm     .    J - +2 cloak {rCorr}
rCorr   +          Rampage  .    L - +1 pair of gloves
Will    +++..                    (no boots)
Stlth   ++                       x - amulet of faith
HPRegen 1.55/turn                O - +5 ring of evasion {=R}
MPRegen 0.18/turn                R - +4 ring of protection

@: strong-willed, regenerating
A: no striking features
}: 2/15 runes: decaying, gossamer
a: Renounce Religion, Evoke Blink, Berserk, Trog's Hand, Brothers in Arms


You were on level 3 of the Elven Halls.
You worshipped Trog.
Trog was extremely pleased with you.
You visited 8 branches of the dungeon, and saw 38 of its levels.
You visited the Abyss 1 time.
You also visited: Sewer, Gauntlet and Ice Cave.

You collected 4651 gold pieces.
You spent 1318 gold pieces at shops.

Inventory:

Hand Weapons
 a - the +5 battleaxe of Perfectionism (weapon) {heavy, rC+++ rN+++ Str-3 Dex-3}
   (Trog gifted it to you in an ice cave)

   Str:       It affects your strength (-3).
   Dex:       It affects your dexterity (-3).
   rC:        It renders you almost immune to cold.
   rN:        It renders you almost immune to negative energy.
 b - the +5 battleaxe "Irphi" {heavy, Fly rElec Dex+3}
   (Trog gifted it to you on level 1 of the Orcish Mines)

   Dex:       It affects your dexterity (+3).
   rElec:     It insulates you from electricity.
   Fly:       It grants you flight.
 f - a +5 antimagic battleaxe
Missiles
 c - 12 boomerangs (quivered)
 s - 11 javelins
 F - 9 atropa-tipped darts
 H - 2 curare-tipped darts
 T - a throwing net
Armour
 o - a +2 helmet of see invisible (worn)
 J - a +2 cloak of preservation (worn)
 L - a +1 pair of gloves (worn)
 X - the +4 fire dragon scales of the Guilds (worn) {+Blink rPois rF++ rC-}
   (You took it off a minotaur in a Gauntlet)

   rF:        It greatly protects you from fire.
   rC:        It makes you vulnerable to cold.
   rPois:     It protects you from poison.
   +Blink:    It lets you blink.
Jewellery
 x - an amulet of faith (around neck)
 D - a ring of positive energy
 M - the amulet of Vitality {RegenMP++ Regen++}
   (You took it off a mummy priest on level 1 of the Crypt)

   [amulet of magic regeneration]

   It increases your rate of magic regeneration.
   Regen:     It increases your rate of health regeneration.
 O - a +5 ring of evasion (left hand) {=R}
 P - a ring of willpower
 R - a +4 ring of protection (right hand)
 V - the ring of Attitude {Will- Int+8 Dex+6}
   (You took it off a deep elf elementalist on level 3 of the Elven Halls)

   [ring of dexterity]

   Int:       It affects your intelligence (+8).
   Dex:       It affects your dexterity (+6).
   Will:      It decreases your willpower.
Wands
 z - a wand of mindburst (6)
 B - a wand of roots (12)
 G - a wand of paralysis (47)
 Q - a wand of quicksilver (23)
Scrolls
 g - 8 scrolls of fear
 i - 5 scrolls of vulnerability
 j - 4 scrolls of blinking
 m - a scroll of summoning
 n - 12 scrolls of teleportation
 p - 2 scrolls of fog
 r - 3 scrolls of silence
 v - 2 scrolls of brand weapon
 w - 3 scrolls of enchant armour
 C - 4 scrolls of magic mapping
 K - a scroll of poison
 U - 6 scrolls of enchant weapon
Potions
 d - 10 potions of ambrosia
 e - 10 potions of lignification
 h - 7 potions of haste
 k - 12 potions of curing
 l - 9 potions of might
 t - 9 potions of attraction
 u - 6 potions of heal wounds
 A - 2 potions of cancellation
 E - 8 potions of flight
 I - 5 potions of berserk rage
 N - a potion of invisibility
 S - 4 potions of resistance
Miscellaneous
 q - a lightning rod (4/4)
 y - a condenser vane (inert)
 W - a phial of floods


   Skills:
 + Level 21.1 Fighting
 - Level 19.7(20.0) Axes
 - Level 4.4(11.8) Maces & Flails
 - Level 6.0 Ranged Weapons
 + Level 14.1 Throwing
 + Level 19.1 Armour
 + Level 12.2 Dodging
 - Level 10.0 Stealth
 - Level 15.0 Evocations


You had 21 spell levels left.
You didn't know any spells.
Your spell library was empty.

Dungeon Overview and Level Annotations

Branches:
Dungeon (15/15)            Temple (0/1) D:4            Lair (5/5) D:10
  Swamp (4/4) Lair:3       Spider (4/4) Lair:3        Slime (0/5) Lair:4
    Orc (2/2) D:9             Elf (3/3) Orc:2        Vaults (4/5) D:14
  Crypt (1/3) Vaults:3     Depths (0/4) D:15          Sewer (visited)
  IceCv (visited)         Gauntlet (visited)

Altars:
Cheibriados
Dithmenos
Fedhas
Gozag
Hepliaklqana
Kikubaaqudgha
Nemelex Xobeh
Okawaru
Qazlal
Sif Muna
Trog
Uskayaw
Wu Jian
Xom
Yredelemnul
Zin
Beogh

Shops:
D:7 *   D:8 ?   D:9 :!(*   Orc:2 **[[?   Elf:1 :   Elf:3 =   Vaults:2 :

Annotations:
Swamp:4 Lernaean hydra
Spider:3 2 transporters, Becogod's ghost, adept GrEE


Message History

The deep elf high priest wields a +0 shortbow.
The deep elf high priest shoots an arrow.
The arrow hits you.
The deep elf master archer shoots an arrow.
The arrow hits you!
The deep elf master archer shoots an arrow.
The arrow hits you.
You slash the deep elf master archer!
The deep elf master archer is lightly wounded.
The deep elf master archer shoots an arrow.
The arrow hits you but does no damage.
The deep elf master archer shoots an arrow.
The arrow hits you but does no damage.
The deep elf high priest says, "Oblivion to the unbeliever."
The deep elf master archer shoots an arrow.
The arrow hits you!!
You hit the deep elf master archer.
The deep elf master archer is lightly wounded.
The deep elf master archer shoots an arrow.
The arrow hits you!
* * * LOW HITPOINT WARNING * * *
The deep elf master archer shoots an arrow.
The arrow hits you!
* * * LOW HITPOINT WARNING * * *
The deep elf high priest shoots an arrow.
The arrow hits you but does no damage.
The deep elf master archer shoots an arrow.
The arrow misses you.
The arrow hits the deep elf high priest!!!
Your ogre goes berserk!
The deep elf master archer shoots an arrow.
The arrow misses you.
The arrow hits the deep elf high priest!!
The deep elf high priest dies!
The deep elf master archer shoots an arrow.
The arrow hits you!!
* * * LOW HITPOINT WARNING * * *
The deep elf master archer shoots an arrow.
The arrow hits you!!
You die...

#. #.# #....
##e############.###....
##.................'....
#................###....
'.......##.##########
##... ####.#####)# ##..
#. #O# ##. # #e# ## #@#
# #)# #)# .E.e.'...#
....###..# .. ####


You could see a deep elf master archer (fast, ally target) and a friendly ogre
(summoned, berserk).

Vanquished Creatures
  Khufu (Crypt:1)
  A royal mummy (Crypt:1)
  Arachne (Spider:2)
  Mlioglotl (Swamp:1)
  Jorgrun (D:15)
  2 liches
  2 deep elf blademasters (Elf:3)
  4 sphinxes (Crypt:1)
  An Executioner (Abyss:3)
  Frances (D:14)
  Agnes (D:14)
  Gastronok (Lair:1)
  Donald (Vaults:2)
  Roxanne (D:14)
  2 frost giants
  5 vault wardens
  8 emperor scorpions
  The ghost of sokol815 the Thrower, a journeyman GnWn of Elyvilon (D:14)
  A deep elf sorcerer (Elf:3)
  3 ghost moths (Spider:4)
  A curse skull (Crypt:1)
  2 orc warlords (Vaults:4)
  4 ghouls (Crypt:1)
  3 war gargoyles (Vaults:4)
  3 broodmothers
  5 deep elf elementalists
  6 very ugly things
  2 vampire knights (Crypt:1)
  17 ironbound preservers
  A stone giant (Vaults:4)
  Nessos (Lair:5)
  A lorocyproca (Abyss:3)
  3 ironbound thunderhulks
  4 deep elf demonologists (Elf:3)
  9 eleionomae
  3 deep elf annihilators
  6 bunyips
  A minotaur (Gauntlet)
  A spark wasp (Spider:3)
  7 dire elephants
  A blizzard demon (Abyss:3)
  7 deep elf death magi
  Snorg (D:10)
  An ettin (D:14)
  4 crystal guardians
  10 yaktaur captains
  5 entropy weavers
  6 jiangshi (Crypt:1)
  Josephine (D:12)
  A deep elf high priest (Elf:3)
  3 mummy priests (Crypt:1)
  4 shambling mangroves
  A fire dragon (Lair:5)
  A vault guard (Vaults:4)
  4 peacekeepers
  2 great orbs of eyes
  A rakshasa (D:15)
  3 ghost crabs
  18 centaur warriors
  3 radroaches
  A jorogumo (Spider:4)
  Erica (D:9)
  4 ironbound frosthearts
  3 catoblepae
  14 hydras
  8 alligators
  2 tengu warriors (D:13)
  9 death yaks
  2 orc high priests (Orc:2)
  A vampire mage (Vaults:3)
  2 boulder beetles
  33 dancing weapons
  2 death scarabs
  9 two-headed ogres
  4 thrashing horrors (Abyss:3)
  15 deep elf knights
  Nergalle (D:10)
  10 spriggans
  Amaemon (D:11)
  2 wretched stars
  A sun moth (Spider:4)
  4 pharaoh ants
  3 skeletal warriors (Crypt:1)
  7 goliath frogs
  An anaconda zombie (Crypt:1)
  10 swamp dragons
  A sea snake (shapeshifter) (D:15)
  53 deep trolls
  7 deep elf archers
  5 orb spiders
  A lindwurm (Lair:5)
  2 glowing orange brains
  2 bog bodies
  10 orc knights
  12 ironbound convokers
  2 spriggan druids
  3 wizards
  Pikel (D:4)
  10 steelbarb worms
  3 starcursed masses (Abyss:3)
  A sphinx zombie (Crypt:1)
  5 necromancers
  A phantasmal warrior (Crypt:1)
  19 wolf spiders
  3 orc sorcerers
  18 deep elf zephyrmancers
  A tengu skeleton (Vaults:2)
  3 cyclopes
  24 ugly things
  2 oklob plants
  26 deep elf pyromancers
  A manticore (D:15)
  2 will-o-the-wisps
  An elephant (shapeshifter) (Elf:3)
  A salamander (shapeshifter) (D:15)
  A worldbinder (Abyss:3)
  An elephant (D:10)
  2 moths of wrath
  7 demonic crawlers
  A guardian serpent (shapeshifter) (D:12)
  An ice statue (IceCv)
  2 smoke demons (Abyss:3)
  Maurice (D:9)
  7 black mambas
  A shock serpent zombie (Crypt:1)
  3 apocalypse crabs (Abyss:3)
  Joseph (Lair:1)
  13 cane toads
  Maggie (Lair:1)
  16 vault sentinels
  3 molten gargoyles (Lair:5)
  An orange demon (D:10)
  3 unseen horrors
  11 torpor snails
  A yaktaur zombie (Vaults:2)
  10 rime drakes
  A kobold demonologist (D:10)
  7 komodo dragons
  39 yaktaurs
  A black draconian skeleton (Crypt:1)
  4 freezing wraiths
  6 trolls
  3 guardian mummies (Crypt:1)
  A bloated husk (Swamp:4)
  A meliai (shapeshifter) (Abyss:3)
  3 meliai (Spider:4)
  12 large abominations
  34 tarantellas
  22 hornets
  8 tyrant leeches
  6 polar bears
  4 raiju (Abyss:3)
  22 blink frogs
  50 slime creatures
  3 small abominations (Abyss:3)
  22 jumping spiders
  19 culicivoras
  2 ynoxinuls (Abyss:3)
  2 centaur simulacra (Gauntlet)
  6 wyverns
  2 air elementals (Elf:2)
  33 yaks
  4 water elementals
  6 vampires
  Eustachio (D:4)
  8 wraiths
  An ettin skeleton (Vaults:2)
  A fire elemental (Elf:1)
  6 basilisks
  3 steam dragons
  55 redbacks
  Grum (D:10)
  3 vampire mosquitoes (Swamp:1)
  A neqoxec (Abyss:3)
  Menkaure (D:3)
  6 wargs
  A deep troll zombie (Crypt:1)
  15 swamp worms
  An acid dragon (D:10)
  A glowing shapeshifter skeleton (Crypt:1)
  15 hell hounds
  A faun zombie (Crypt:1)
  7 water moccasins
  7 swamp drakes
  An ogre skeleton (Vaults:2)
  48 orc warriors
  2 ice beasts
  3 black bears
  10 wolves
  6 ogres
  6 centaurs
  A lemure (D:4)
  4 kobold brigands
  3 elf zombies (Elf:2)
  7 bullfrogs
  Blork the orc (D:4)
  6 earth elementals
  A necrophage (Crypt:1)
  A cane toad simulacrum (Gauntlet)
  8 scorpions
  A wight (Abyss:3)
  3 killer bees (D:10)
  7 howler monkeys
  A quasit (Abyss:3)
  5 lava snakes (Lair:5)
  2 hounds
  8 jellies
  Crazy Yiuf (D:2)
  A gnoll bouda (D:5)
  19 orc priests
  2 iron imps (Abyss:3)
  5 hell rats (Lair:3)
  4 iguanas
  15 orc wizards
  A mummy (Crypt:1)
  7 gnolls
  7 adders
  3 white imps
  3 ufetubi
  4 worms
  4 dart slugs
  101 orcs
  7 endoplasms
  4 giant cockroaches
  11 goblins
  7 hobgoblins
  9 jackals
  19 kobolds
  6 quokkas
  8 ball pythons
  6 bats
  A dart slug zombie (Crypt:1)
  4 frilled lizards
  A gnoll skeleton (Crypt:1)
  2 rats (D:1)
1508 creatures vanquished.

Vanquished Creatures (collateral kills)
  Asterion (Spider:1)
  Azrael (Spider:1)
  A wolf spider (Spider:1)
  A tarantella (Spider:1)
  2 slime creatures (D:13)
6 creatures vanquished.

Vanquished Creatures (others)
  A deep elf annihilator (Elf:3)
  A deep elf high priest (Elf:3)
  A deep elf knight (Elf:2)
  A deep troll (Vaults:4)
  A deep elf zephyrmancer (Elf:2)
  A large abomination (Abyss:3)
  15 foxfires
  28 fungi
  38 plants
87 creatures vanquished.

Grand Total: 1601 creatures vanquished

Notes
Turn   | Place    | Note
-------+----------+-------------------------------------------
     0 | D:1      | juan097 the Hill Orc Berserker began the quest for the Orb.
     0 | D:1      | Reached XP level 1. HP: 19/19 MP: 1/1
   186 | D:1      | Reached XP level 2. HP: 18/27 MP: 2/2
   221 | D:1      | Reached skill level 4 in Fighting
   229 | D:1      | Reached skill level 1 in Stealth
   309 | D:1      | Reached XP level 3. HP: 26/33 MP: 3/3
   467 | D:1      | Reached ** piety under Trog
  1189 | D:2      | Reached skill level 5 in Axes
  1189 | D:2      | Reached XP level 4. HP: 41/41 MP: 4/4
  2136 | D:2      | Found a runed translucent door.
  2137 | D:2      | Noticed Crazy Yiuf
  2147 | D:2      | Killed Crazy Yiuf
  2148 | D:2      | Reached XP level 5. HP: 12/47 MP: 5/5
  2396 | D:3      | Reached skill level 5 in Fighting
  2929 | D:4      | Noticed a lemure
  2954 | D:4      | Killed a lemure
  3089 | D:4      | Noticed Menkaure
  3145 | D:4      | Noticed Eustachio
  3154 | D:3      | Killed Menkaure
  3155 | D:3      | Reached XP level 6. HP: 56/56 MP: 6/6
  3299 | D:4      | Noticed Blork the orc
  3321 | D:4      | Noticed Pikel
  3343 | D:4      | Killed Pikel
  3344 | D:4      | Reached XP level 7. HP: 15/62 MP: 7/7
  3558 | D:5      | Entered Level 5 of the Dungeon
  3585 | D:5      | Reached XP level 8. HP: 61/70 MP: 8/8
  3599 | D:5      | Reached skill level 6 in Fighting
  3767 | D:5      | Reached *** piety under Trog
  3928 | D:5      | Found a glowing drain.
  3945 | Sewer    | Entered a sewer
  4534 | D:5      | Reached skill level 10 in Axes
  5547 | D:6      | Reached XP level 9. HP: 51/75 MP: 9/9
  6491 | D:6      | Reached **** piety under Trog
  6592 | D:6      | Reached skill level 7 in Fighting
  7048 | D:4      | Killed Blork the orc
  7287 | D:4      | Found a staircase to the Ecumenical Temple.
  7329 | D:4      | Killed Eustachio
  8312 | D:7      | Reached skill level 5 in Armour
  8574 | D:7      | Found Zood's General Store.
  8577 | D:7      | Bought a ring of poison resistance for 260 gold pieces
  8711 | D:8      | Reached skill level 8 in Fighting
  8711 | D:8      | Reached XP level 10. HP: 73/88 MP: 10/10
  8821 | D:8      | Found a glowing silver altar of Zin.
  9024 | D:8      | Found a hazy altar of Hepliaklqana.
  9091 | D:8      | Found Deisun's Magic Scroll Shop.
  9096 | D:8      | Bought a scroll of fear for 48 gold pieces
  9256 | D:8      | Paralysed by an orc priest for 3 turns
  9366 | D:8      | Reached skill level 1 in Evocations
  9727 | D:8      | Found a basalt altar of Yredelemnul.
  9729 | D:8      | Found an opulent altar of Gozag.
  9730 | D:8      | Found a blossoming altar of Fedhas.
  9730 | D:8      | Found a shimmering altar of Xom.
  9731 | D:8      | Found a stormy altar of Qazlal.
  9731 | D:8      | Found a shadowy altar of Dithmenos.
  9732 | D:8      | Found a hide-covered altar of Uskayaw.
  9732 | D:8      | Found an ornate altar of the Wu Jian Council.
  9733 | D:8      | Found a snail-covered altar of Cheibriados.
  9757 | D:9      | Noticed Erica
  9757 | D:9      | Found Wochakkex's Distillery.
  9771 | D:9      | Killed Erica
  9863 | D:9      | Found Peruraq's Assorted Antiques.
  9876 | D:9      | Bought a wavering golden ring for 80 gold pieces
  9876 | D:9      | Identified the ring "Ojopn" {rF+ rN+ Int-5 Slay+2} (You
                  | bought it in a shop on level 9 of the Dungeon)
  9876 | D:9      | Bought a fizzy brown potion for 14 gold pieces
 10010 | D:9      | Reached skill level 5 in Evocations
 10160 | D:9      | Found a shimmering blue altar of Sif Muna.
 10570 | D:9      | Reached skill level 1 in Throwing
 10681 | D:9      | Noticed Maurice
 10702 | D:9      | Killed Maurice
 10731 | D:9      | Found Lustrimn's Weapon Shoppe.
 10771 | D:9      | Found a staircase to the Orcish Mines.
 10820 | D:9      | You fall into a shaft and drop 2 floors!
 11099 | D:10     | Entered Level 10 of the Dungeon
 11103 | D:10     | Found an iron altar of Okawaru.
 11103 | D:10     | Noticed Snorg
 11119 | D:11     | Reached XP level 11. HP: 73/95 MP: 11/11
 11243 | D:11     | Noticed a cyclops
 11360 | D:10     | Noticed Amaemon
 11379 | D:11     | Killed Amaemon
 11561 | D:10     | Killed Snorg
 11943 | D:10     | Reached skill level 9 in Fighting
 12111 | D:10     | Reached skill level 5 in Dodging
 12409 | D:10     | Found a staircase to the Lair.
 12459 | D:10     | Noticed Grum
 12468 | D:10     | Killed Grum
 12469 | D:10     | Noticed Nergalle
 12886 | D:9      | Found Gaymy's Book Emporium.
 13032 | D:10     | Killed Nergalle
 13033 | D:10     | Reached skill level 15 in Axes
 13355 | D:11     | Killed a cyclops
 13385 | D:11     | Noticed a two-headed ogre
 13400 | D:11     | Killed a two-headed ogre
 13790 | D:12     | Reached skill level 10 in Fighting
 13928 | D:12     | Noticed a two-headed ogre
 13938 | D:12     | Killed a two-headed ogre
 13939 | D:12     | Reached XP level 12. HP: 51/106 MP: 12/12
 14097 | D:12     | Noticed a boulder beetle
 14111 | D:12     | Killed a boulder beetle
 15227 | D:12     | Noticed Josephine
 15238 | D:12     | Killed Josephine
 15490 | Lair:1   | Entered Level 1 of the Lair of Beasts
 15493 | Lair:1   | Noticed Joseph
 15501 | Lair:1   | Killed Joseph
 15697 | D:7      | Bought a +1 helmet of see invisible for 214 gold pieces
 15813 | Lair:1   | Noticed Maggie
 15993 | Lair:1   | Killed Maggie
 15994 | Lair:1   | Reached skill level 10 in Evocations
 16005 | Lair:1   | Noticed Gastronok
 16033 | Lair:1   | Killed Gastronok
 16034 | Lair:1   | Reached skill level 1 in Maces & Flails
 16034 | Lair:1   | Reached skill level 1 in Ranged Weapons
 16161 | Lair:1   | Noticed a catoblepas
 16169 | Lair:1   | Killed a catoblepas
 16589 | Lair:1   | Found a blossoming altar of Fedhas.
 17101 | Lair:2   | Reached XP level 13. HP: 114/114 MP: 13/13
 17123 | Lair:2   | Reached ***** piety under Trog
 17841 | Lair:3   | Found a frozen archway.
 17868 | IceCv    | Entered an ice cave
 17979 | IceCv    | Identified the +5 battleaxe of Perfectionism {heavy, rC+++
                  | rN+++ Str-3 Dex-3} (Trog gifted it to you in an ice cave)
 17979 | IceCv    | Received a gift from Trog
 18206 | IceCv    | Reached skill level 11 in Fighting
 18763 | IceCv    | Noticed a frost giant
 18818 | IceCv    | Killed a frost giant
 19328 | Lair:3   | Found a staircase to the Swamp.
 19537 | Lair:3   | Found a hole to the Spider Nest.
 19896 | Lair:3   | Identified the +1 leather armour of the Arcane {rPois rF-
                  | rC+ Dex+2}
 20132 | Lair:3   | Reached skill level 10 in Armour
 20208 | Lair:3   | Reached XP level 14. HP: 104/125 MP: 14/14
 20692 | D:9      | Bought a potion of attraction for 39 gold pieces
 20692 | D:9      | Bought 2 potions of might for 104 gold pieces
 20692 | D:9      | Bought a potion of heal wounds for 65 gold pieces
 21206 | Lair:4   | Reached skill level 12 in Fighting
 21206 | Lair:4   | Reached skill level 5 in Ranged Weapons
 21423 | Lair:4   | Found a staircase to the Slime Pits.
 21478 | Lair:5   | Entered Level 5 of the Lair of Beasts
 21489 | Lair:5   | Noticed Nessos
 21497 | Lair:5   | Killed Nessos
 21575 | Lair:5   | Found a gate leading to a gauntlet.
 21586 | Lair:5   | Reached XP level 15. HP: 132/132 MP: 15/15
 21594 | Gauntlet | Entered a Gauntlet
 21594 | Gauntlet | Found a transporter.
 21594 | Gauntlet | Found a transporter.
 21594 | Gauntlet | Found a runed translucent door.
 21594 | Gauntlet | Found a runed translucent door.
 21613 | Gauntlet | Found a transporter.
 21617 | Gauntlet | Found a transporter.
 21625 | Gauntlet | Found a transporter.
 21629 | Gauntlet | Found a transporter.
 21637 | Gauntlet | Found a transporter.
 21650 | Gauntlet | Found a runed translucent door.
 21654 | Gauntlet | Found a transporter.
 21667 | Gauntlet | Found a transporter.
 21671 | Gauntlet | Found a transporter.
 21682 | Gauntlet | Found a transporter.
 21683 | Gauntlet | Found a transporter.
 21738 | Gauntlet | Identified the +0 hat "Kiysuba" {Int+3}
 21969 | Gauntlet | Found the +3 hat of Pondering {ponderous, Will+ MP+10
                  | Int+5}
 21969 | Gauntlet | Identified the +4 fire dragon scales of the Guilds {+Blink
                  | rPois rF++ rC-}
 22284 | Lair:5   | Received a gift from Trog
 22445 | Lair:5   | Identified the +3 ice dragon scales "Usysiunt" {rF- rC++
                  | Regen+ SInv}
 22701 | Lair:5   | Found a snail-covered altar of Cheibriados.
 23019 | Lair:5   | Identified the +8 dire flail "Demonslayer" {heavy, *Slow
                  | Str+2 Int+3 Dex+8}
 23348 | Lair:5   | Found a large runed translucent door.
 23500 | Lair:5   | Found a large runed translucent door.
 24217 | Orc:1    | Entered Level 1 of the Orcish Mines
 24232 | Orc:1    | Received a gift from Trog
 24409 | Orc:2    | Entered Level 2 of the Orcish Mines
 25102 | Orc:1    | Identified the +5 battleaxe "Irphi" {heavy, Fly rElec
                  | Dex+3} (Trog gifted it to you on level 1 of the Orcish
                  | Mines)
 25102 | Orc:1    | Received a gift from Trog
 25494 | Orc:2    | Found Hagouneo's General Store.
 25494 | Orc:2    | Found Noakito's Assorted Antiques.
 25518 | Orc:2    | Found a roughly hewn altar of Beogh.
 25548 | Orc:2    | Found a staircase to the Elven Halls.
 25592 | Orc:2    | Found Exuir's Armour Shop.
 25597 | Orc:2    | Found Calirreawk's Armour Shoppe.
 25653 | Orc:2    | Reached XP level 16. HP: 80/139 MP: 16/16
 26429 | Orc:2    | Found Dogao's Magic Scroll Boutique.
 26573 | Orc:1    | Received a gift from Trog
 27189 | D:9      | Bought a potion of mutation for 104 gold pieces
 27189 | D:9      | Bought a potion of resistance for 130 gold pieces
 27189 | D:9      | Bought a potion of resistance for 130 gold pieces
 27189 | D:9      | Bought a potion of haste for 130 gold pieces
 28470 | D:14     | Found a bloodstained altar of Trog.
 28487 | D:14     | Found a transporter.
 28490 | D:14     | Noticed sokol815's ghost (journeyman GnWn)
 28490 | D:14     | Identified the +7 great mace "Moapekh" {flame, MP+9}
 28490 | D:14     | Identified the +5 great mace "Koled" {drain, rC+ Int+3}
 28570 | D:14     | Identified Roxanne's Incunable of Reformation
 28570 | D:14     | Noticed Roxanne
 28635 | D:14     | Noticed Frances
 28644 | D:14     | Killed Frances
 28919 | D:14     | Reached skill level 5 in Throwing
 28922 | D:14     | Found a gate to the Vaults.
 29083 | D:14     | Noticed Agnes
 29096 | D:14     | Killed Agnes
 29175 | D:14     | Identified the +4 chain mail of Death Resistance {Regen+}
 29600 | D:14     | Found a transporter.
 29648 | D:14     | Killed Roxanne
 29693 | D:15     | Entered Level 15 of the Dungeon
 29933 | D:15     | Found a sparkling altar of Nemelex Xobeh.
 30120 | D:15     | Noticed Jorgrun
 30128 | D:15     | Killed Jorgrun
 30322 | D:15     | Reached skill level 13 in Fighting
 30424 | D:15     | Reached ****** piety under Trog
 30689 | D:15     | Received a gift from Trog
 30986 | D:15     | Found a staircase to the Depths.
 31194 | Swamp:1  | Entered Level 1 of the Swamp
 31660 | Swamp:1  | Identified the +6 dagger of Ru {heavy, Fly rElec}
 31729 | Swamp:1  | Reached XP level 17. HP: 145/150 MP: 17/17
 31733 | Swamp:1  | Paralysed by a hornet for 2 turns
 32124 | Swamp:1  | Noticed Mlioglotl
 32500 | Swamp:1  | Killed Mlioglotl
 32721 | Swamp:2  | Received a gift from Trog
 32971 | Swamp:2  | Reached skill level 14 in Fighting
 34524 | Swamp:4  | Entered Level 4 of the Swamp
 34684 | Swamp:4  | Received a gift from Trog
 35212 | Swamp:4  | Noticed the 27-headed Lernaean hydra
 35880 | Swamp:4  | Got a decaying rune of Zot
 36213 | Spider:1 | Entered Level 1 of the Spider Nest
 36259 | Spider:1 | Reached XP level 18. HP: 79/162 MP: 18/18
 36580 | Spider:1 | Noticed Asterion
 36581 | Spider:1 | Noticed Azrael
 36820 | Spider:1 | Killed Asterion
 36823 | Spider:1 | Killed Azrael
 36839 | Spider:1 | Reached skill level 15 in Fighting
 37556 | Spider:2 | Reached skill level 10 in Dodging
 37862 | Spider:2 | Noticed Arachne
 37867 | Spider:2 | Killed Arachne
 37868 | Spider:2 | Reached skill level 15 in Armour
 37868 | Spider:2 | Received a gift from Trog
 39892 | Spider:3 | Found a transporter.
 39894 | Spider:3 | Noticed Becogod's ghost (adept GrEE)
 39896 | Spider:3 | Found a transporter.
 40236 | Spider:4 | Entered Level 4 of the Spider Nest
 40252 | Spider:4 | Reached skill level 16 in Fighting
 40443 | Spider:4 | Received a gift from Trog
 40765 | Spider:4 | Reached skill level 5 in Stealth
 41379 | Spider:4 | Reached skill level 10 in Throwing
 41998 | Spider:4 | Reached XP level 19. HP: 172/172 MP: 19/19
 42002 | Spider:4 | Received a gift from Trog
 42564 | Spider:4 | Got a gossamer rune of Zot
 43020 | Vaults:1 | Entered Level 1 of the Vaults
 44051 | Vaults:1 | Received a gift from Trog
 46295 | Vaults:2 | Received a gift from Trog
 46494 | Vaults:2 | Found Fatsomobul's Book Emporium.
 46828 | Vaults:2 | Identified the -1 kite shield "Wuoc" {rC- Will+++ Int+2
                  | SInv}
 46828 | Vaults:2 | Noticed Donald
 46835 | Vaults:2 | Killed Donald
 47179 | Vaults:3 | Reached XP level 20. HP: 183/183 MP: 20/20
 47188 | Vaults:3 | Reached skill level 17 in Fighting
 47473 | Vaults:3 | Received a gift from Trog
 48067 | Vaults:3 | Found a staircase to the Crypt.
 48389 | Vaults:3 | Reached skill level 15 in Evocations
 48589 | Vaults:3 | Received a gift from Trog
 48589 | Vaults:3 | Found the +8 whip "Snakebite" {venom, curare, rPois}
 49788 | Vaults:4 | Reached skill level 18 in Fighting
 50419 | Vaults:4 | Received a gift from Trog
 51354 | Vaults:4 | Reached XP level 21. HP: 194/194 MP: 21/21
 51589 | Vaults:4 | Reached skill level 10 in Stealth
 52760 | D:14     | Killed sokol815's ghost
 52919 | Elf:1    | Entered Level 1 of the Elven Halls
 52997 | Elf:1    | Received a gift from Trog
 53098 | Elf:1    | Found Pitin's Book Shoppe.
 54273 | Elf:2    | Received a gift from Trog
 54567 | Elf:2    | Reached skill level 19 in Fighting
 55564 | Elf:2    | Received a gift from Trog
 55698 | Elf:2    | Found a runed translucent gate.
 55699 | Elf:2    | Found a runed translucent gate.
 55699 | Elf:2    | Found a runed translucent gate.
 55773 | Elf:2    | Reached skill level 20 in Fighting
 56349 | Elf:3    | Entered Level 3 of the Elven Halls
 56407 | Elf:3    | Found Rasih's Jewellery Shop.
 56425 | Elf:3    | Identified the +7 war axe of Arrival {flame, Str+5} (Trog
                  | gifted it to you on level 3 of the Elven Halls)
 56425 | Elf:3    | Received a gift from Trog
 56976 | Elf:3    | Identified the ring of Attitude {Will- Int+8 Dex+6}
 57206 | Elf:3    | Reached XP level 22. HP: 182/211 MP: 22/22
 57276 | Abyss:3  | Cast into level 3 of the Abyss (a deep elf sorcerer)
 57437 | Abyss:3  | Found a corrupted altar of Lugonu.
 57573 | Abyss:3  | Received a gift from Trog
 57958 | Abyss:3  | Gained mutation: You occasionally lose the ability to read
                  | scrolls when taking damage. [a neqoxec]
 57960 | Abyss:3  | Gained mutation: You sometimes lose your temper in combat.
                  | [a neqoxec]
 57961 | Abyss:3  | Gained mutation: Your body sometimes deteriorates upon
                  | taking damage. [a neqoxec]
 58060 | Elf:3    | Escaped the Abyss
 58537 | D:14     | Lost mutation: Your body often deteriorates upon taking
                  | damage. [potion of mutation]
 58537 | D:14     | Lost mutation: You occasionally lose the ability to read
                  | scrolls when taking damage. [potion of mutation]
 58537 | D:14     | Lost mutation: You sometimes lose your temper in combat.
                  | [potion of mutation]
 58685 | Crypt:1  | Entered Level 1 of the Crypt
 59467 | Crypt:1  | Identified the +0 leather armour of Veysuozule {Str+3 SInv}
 59632 | Crypt:1  | Found an ancient bone altar of Kikubaaqudgha.
 59770 | Crypt:1  | Received a gift from Trog
 60119 | Crypt:1  | Paralysed by a sphinx for 4 turns
 60469 | Crypt:1  | Reached skill level 21 in Fighting
 60825 | Crypt:1  | Noticed Khufu
 60850 | Crypt:1  | Noticed a royal mummy
 60882 | Crypt:1  | Killed a royal mummy
 61155 | Crypt:1  | Killed Khufu
 62000 | Elf:3    | Identified the +1 plate armour of Ymoh {rElec}
 62245 | Elf:3    | Shot with an arrow by a deep elf master archer

Illustrated notes

Levels and vault maps discovered:
D:1:      pf_arrival_petrified_forest, layout_basic
D:2:      layout_basic, minmay_pentomino_s2, uniq_crazy_yiuf_cottage
D:3:      layout_loops_ring
D:4:      layout_rooms, minmay_temple_entry_mini_moons, serial_curves,
          eino_curves_03, eino_curves_02, eino_curves_04, uniq_pikel,
          uniq_eustachio, uniq_menkaure, uniq_blork_the_orc
D:5:      layout_basic, gup_sewer_entry_bubbles, chequers_serial_rivers_small_3
D:6:      layout_gridville
D:7:      layout_loops_corners, serial_shops, kennysheep_mini
D:8:      layout_basic, nicolae_overflows_in_rows, serial_shops,
          nicolae_shop_hallway_plus
D:9:      layout_long_grid, tgw_sif, orc_0_dummy, serial_shops,
          nicolae_shop_bloodbath_and_beyond, shop, nicolae_stop_n_shop_2,
          nicolae_shop_trees, uniq_maurice, uniq_erica
D:10:     layout_big_octagon, okawaru_metal_pillars_1_2, david_lair_generic,
          fountainhead, uniq_snorg, uniq_grum, uniq_nergalle, uniq_amaemon
D:11:     layout_irregular_city, serial_column_ruins, column_ruins_grid_1,
          column_ruins_corridor_corner, column_ruins_grid_1,
          column_ruins_columns_straight, column_ruins_columns_straight,
          column_ruins_open_tiny
D:12:     layout_loops_ring, uniq_josephine
D:13:     layout_cave_pools
D:14:     layout_basic, david_vaults_2, gammafunk_ghost_smash,
          trog_three_pillars_becter, uniq_frances, uniq_agnes, uniq_roxanne
D:15:     gammafunk_enter_depths_forms, layout_basic, lemuel_crystal_altar,
          serial_bayou_pond_d, uniq_jorgrun
Lair:1:   layout_small_grid, tgw_fedhas, serial_bayou_shore_b, uniq_gastronok,
          uniq_maggie, uniq_joseph
Lair:2:   layout_cave_pods
Lair:3:   layout_cellular_growth, swamp_mist, spider_nest_entry_funnel_web,
          portal_ice_cave_entry_pillars_2, grunt_megastairs_4
Lair:4:   layout_roguey, nicolae_slime_entry_field_trip
Lair:5:   cheibrodos_lair_end_hotspot, layout_regular_city,
          gauntlet_entry_generic, chequers_serial_rivers_room_a,
          kennysheep_snail_temple, uniq_nessos
Swamp:1:  nicolae_swamp_wrong_neighborhood, layout_falls_marsh,
          evilmike_swamp_ruin_rubble_1, swamp_pool5, uniq_mlioglotl
Swamp:2:  layout_basic_swamp, evilmike_swamp_ruin_house_3,
          infiniplex_staircase_pool_2
Swamp:3:  layout_basic_swamp, evilmike_swamp_ruin_house_4
Swamp:4:  swamp_old_school, layout_basic_swamp, hangedman_swamp_diagram
Spider:1: layout_spider_delve, hellmonk_test_site, uniq_asterion, uniq_azrael
Spider:2: layout_spider_delve, uniq_arachne
Spider:3: layout_chambers, gammafunk_ghost_mausoleum
Spider:4: grunt_spider_rune_circles
Orc:1:    minmay_goldmine, layout_caves, nicolae_orc_tapped_out
Orc:2:    st_orc_town, layout_caves, serial_shops, shop_scrolls
Elf:1:    eino_elf_arrival_sip, layout_loops_corners, serial_shops,
          nicolae_shop_advertising_works [nicolae_subvault_shop_adworks],
          hangedman_elven_crosses_minicolossus
Elf:2:    nicolae_elf_blades_crystal_corner, layout_geoelf_diagonals,
          minmay_elf_necromancy
Elf:3:    grunt_elf_hall_spiral, layout_gridlike, serial_shops, shop_statue
Vaults:1: grunt_vaults_focal, dpeg_vaults_monster_box, v_alt_pattern_2,
          vaults_dpeg_diagonal, v_misc_18, layout_vaults_omnigrid
Vaults:2: v_misc_10, nicolae_vaults_what_the_h, nicolae_vaults_network_quincunx
          [nicolae_vaults_network_quincunx_subvault,
          nicolae_vaults_network_quincunx_subvault,
          nicolae_vaults_network_quincunx_subvault,
          nicolae_vaults_network_quincunx_subvault,
          nicolae_vaults_network_quincunx_subvault], v_misc_1,
          nicolae_vaults_theta, v_misc_23, vaults_room_stairs_pillars,
          nicolae_vaults_bisected_inception, vaults_mumra_chevron,
          ontoclasm_vaults_chip, serial_ice_g, hangedman_vaults_slice,
          grunt_vaults_hallway_short, layout_vaults_maze_snakey, serial_shops,
          shop, uniq_donald
Vaults:3: v_misc_8, v_alt_pattern_4, minmay_crypt_entry_vampire_xt,
          vaults_room_pools, v_misc_12, ontoclasm_vaults_gateway,
          hangedman_vaults_pinch, nicolae_vaults_little_squares_2,
          hangedman_vaults_corner, nicolae_vaults_murderbox,
          hangedman_vaults_slice, v_misc_3, nicolae_vaults_little_ls,
          hangedman_vaults_trim, layout_vaults_big_cross, uniq_margery
Vaults:4: vaults_mumra_minichess_inversion, nicolae_vaults_asterisk,
          ontoclasm_vaults_claustrophobia, hangedman_vaults_corner_blocks,
          hangedman_vaults_hat, nicolae_vaults_little_squares_1,
          hangedman_vaults_stretched_pinwheel, hangedman_vaults_locks,
          v_rooms_3, vaults_room_pools, ontoclasm_vaults_decontamination,
          layout_vaults_big_room
Crypt:1:  ragdoll_tomb_raider, layout_gridlike, st_stairs_5,
          nicolae_nh_vlads_tower

Skill      XL: |  1  2  3  4  5  6  7  8  9 10 11 12 13 14 15 16 17 18 19 20 21 22 |
---------------+-------------------------------------------------------------------+-----
Fighting       | 4 5 6 8 10 11 12 13 14 16 18 20 21 | 21.1
Stealth        | 1 2 3 4 6 7 9 10 | 10.0
Axes           | 5 6 8 11 13 14 15 16 17 19 | 19.7
Dodging        | 2 4 5 6 7 8 9 10 11 12 | 12.2
Armour         | 5 6 8 10 11 12 13 14 16 18 19 | 19.1
Evocations     | 5 6 10 12 13 14 15 | 15.0
Throwing       | 1 4 6 8 10 11 12 13 14 | 14.1
Maces & Flails | 2 4 |  4.4
Ranged Weapons | 2 4 5 6 |  6.0

Action                     |  1- 3 |  4- 6 |  7- 9 | 10-12 | 13-15 | 16-18 | 19-21 | 22-24 || total
---------------------------+-------+-------+-------+-------+-------+-------+-------+-------++-------
  Melee: Hand axe          |   116 |   100 |   295 |       |       |       |       |       ||   511
         Punch             |     2 |     1 |     4 |     8 |       |     1 |       |       ||    16
         Dagger            |       |     4 |    24 |       |       |       |       |       ||    28
         War axe           |       |       |    69 |   291 |    11 |    75 |       |       ||   446
         Demon whip        |       |       |       |   246 |    93 |       |       |       ||   339
         Battleaxe         |       |       |       |       |   536 |  1088 |   996 |   396 ||  3016
   Fire: Sling             |     4 |    59 |   121 |    63 |       |       |       |       ||   247
         Arbalest          |       |       |       |    44 |   186 |    52 |     5 |       ||   287
  Throw: Javelin           |       |       |     2 |       |       |       |       |       ||     2
         Boomerang         |       |       |     1 |     1 |     5 |    16 |   101 |    10 ||   134
         Dart              |       |       |       |     3 |       |   169 |    36 |       ||   208
 Invoke: Berserk           |     1 |     4 |     5 |     9 |     1 |     2 |     4 |     1 ||    27
         Trog's Hand       |       |     1 |       |     6 |     3 |     3 |    10 |     4 ||    27
         Brothers in Arms  |       |       |       |       |       |     3 |       |     1 ||     4
Ability: Evoke Blink       |       |       |       |       |       |     1 |     2 |       ||     3
  Evoke: Wand              |       |       |       |     7 |     9 |    42 |    22 |     8 ||    88
         Phial of floods   |       |       |       |       |       |     1 |       |       ||     1
         Lightning rod     |       |       |       |       |       |       |     7 |       ||     7
         Condenser vane    |       |       |       |       |       |       |     1 |     1 ||     2
    Use: Potion            |       |     1 |       |       |     2 |     4 |     5 |     1 ||    13
         Scroll            |       |       |     7 |    15 |     5 |    12 |     3 |       ||    42
   Stab: Sleeping          |     2 |     2 |     1 |       |       |       |     5 |     2 ||    12
         Paralysed         |       |       |       |    13 |     2 |     3 |     1 |       ||    19
         Petrified         |       |       |       |       |       |     2 |       |       ||     2
         Distracted        |       |       |       |       |       |     1 |     2 |     3 ||     6
 Armour: Animal skin       |    23 |    20 |     8 |       |       |       |       |       ||    51
         Robe              |       |       |    22 |       |       |       |       |       ||    22
         Ring mail         |       |       |    59 |    24 |       |       |       |       ||    83
         Steam dragon scal |       |       |       |    52 |       |       |       |       ||    52
         Acid dragon scale |       |       |       |    69 |    60 |       |       |       ||   129
         Leather armour    |       |       |       |       |    42 |       |       |       ||    42
         Fire dragon scale |       |       |       |       |   136 |   864 |   685 |   245 ||  1930
  Dodge: Dodged            |    78 |    48 |   211 |   357 |   475 |  1072 |   871 |   318 ||  3430
         Repelled          |       |       |     1 |       |       |       |       |       ||     1

Table legend: (Time is in decaauts)
 A = Elapsed time spent in this place.
 B = Non-inter-level travel time spent in this place.
 C = Inter-level travel time spent in this place.
 D = Time resting spent in this place.
 E = Time spent auto-exploring this place.
 F = Levels seen in this place.
 G = Mean time per level.
                   A        B        C        D        E       F      G
               +--------+--------+--------+--------+--------+-----+--------+
         Total |  62609 |  57188 |   5421 |   3554 |  41183 |  42 | 1490.7 |
       Dungeon |  20586 |  18535 |   2051 |   1230 |  13181 |  15 | 1372.4 |
          Lair |   7418 |   6508 |    910 |    696 |   4381 |   5 | 1483.6 |
         Swamp |   4907 |   4594 |    313 |    379 |   3244 |   4 | 1226.8 |
   Spider Nest |   6038 |   5790 |    248 |     13 |   4476 |   4 | 1509.5 |
  Orcish Mines |   3108 |   2735 |    373 |      0 |   2131 |   2 | 1554.0 |
   Elven Halls |   5072 |   4724 |    348 |    639 |   3085 |   3 | 1690.7 |
        Vaults |   9598 |   8480 |   1118 |    412 |   6778 |   4 | 2399.5 |
         Crypt |   2934 |   2877 |     57 |    100 |   2341 |   1 | 2934.0 |
         Abyss |    776 |    776 |      0 |      4 |    162 |   1 |  776.0 |
         Sewer |    178 |    178 |      0 |     34 |     97 |   1 |  178.0 |
      Ice Cave |   1450 |   1450 |      0 |     45 |    982 |   1 | 1450.0 |
      Gauntlet |    540 |    540 |      0 |      0 |    323 |   1 |  540.0 |
               +--------+--------+--------+--------+--------+-----+--------+

Top non-repeatable levels by time:
 Crypt:1: 2934 daAuts
Vaults:1: 2729 daAuts
Vaults:4: 2612 daAuts
Vaults:3: 2553 daAuts
Spider:4: 2424 daAuts
   Elf:2: 2372 daAuts
  Lair:3: 2324 daAuts
    D:10: 2037 daAuts
  Lair:5: 2014 daAuts
    D:14: 1925 daAuts
     D:5: 1919 daAuts
   Elf:1: 1778 daAuts
   Orc:2: 1747 daAuts
Vaults:2: 1703 daAuts
    D:12: 1657 daAuts
